 Dungeon Crawl Stone Soup version 0.27-a0-1312-g5cdb2b3542 (webtiles) character file.

Game seed: 2500925545351171380

133879 Sobieck the Spry (level 16, -1/135 HPs)
             Began as a Spriggan Berserker on June 20, 2021.
             Was the Champion of Trog.
             Killed from afar by a shock serpent (24 damage)
             ... with a bolt of electricity
             ... on level 3 of the Snake Pit.
             The game lasted 02:13:06 (42211 turns).

Sobieck the Spry (Spriggan Berserker)              Turns: 42211, Time: 02:13:07

Health: -1/135     AC: 14    Str: 20    XL:     16   Next: 60%
Magic:  0/17       EV: 31    Int:  6    God:    Trog [******]
Gold:   1486       SH:  8    Dex: 17    Spells: 15/15 levels left

rFire    + + .     SeeInvis +   a - +5 scimitar (flame) {long}
rCold    . . .     Faith    .   (shield restricted)
rNeg     . . .     Spirit   +   Q - +1 acid dragon scales
rPois    +         Reflect  .   O - +1 hat
rElec    .         Harm     .   i - +2 cloak {rCorr}
rCorr    +         Rampage  .   (gloves unavailable)
Will     +++..                  (boots unavailable)
Stlth    ..........             t - brooch of Shielding {Spirit SH+8}
HPRegen  0.32/turn              J - ring of Akkauvac {rPois rF++ Will+ Str+3 Int-3}
MPRegen  0.15/turn              g - +4 ring of slaying

@: berserking, very quick
A: very small, no large weapons, unfitting armour, see invisible, speed 3
a: Renounce Religion, Berserk, Trog's Hand, Brothers in Arms


You were on level 3 of the Snake Pit.
You worshipped Trog.
Trog was exalted by your worship.
You visited 4 branches of the dungeon, and saw 27 of its levels.
You also visited: Gauntlet.

You collected 2627 gold pieces.
You spent 1141 gold pieces at shops.


Innate Abilities, Weirdness & Mutations

You are very small and have problems with some larger weapons.
You are too small for most types of armour.
You have supernaturally acute eyesight. (SInv)
You cover ground extremely quickly. (Speed+++)


   Skills:
 + Level 12.4 Fighting
 - Level 14.0 Long Blades
 + Level 10.2 Armour
 - Level 20.0 Dodging
 - Level 6.0 Stealth


You had 15 spell levels left.
You didn't know any spells.
Your spell library contained the following spells:

 Spells                   Type           Power      Damage    Failure   Level
 Animate Skeleton         Necr           0%         N/A       52%         1
 Apportation              Tloc           0%         N/A       52%         1
 Corona                   Hex            0%         N/A       52%         1
 Foxfire                  Conj/Fire      0%         2x1d4     52%         1
 Pain                     Necr           0%         1d4       52%         1
 Sting                    Tmut/Pois      0%         1d3       52%         1
 Summon Small Mammal      Summ           0%         N/A       52%         1
 Confusing Touch          Hex            0%         N/A       88%         3
 Conjure Flame            Conj/Fire      0%         6-21      88%         3
 Gell's Gravitas          Tloc           0%         N/A       88%         3
 Inner Flame              Hex/Fire       0%         N/A       88%         3
 Vampiric Draining        Necr           0%         2d6       88%         3
 Animate Dead             Necr           0%         N/A       99%         4
 Olgreb's Toxic Radiance  Pois           0%         N/A       99%         4
 Petrify                  Tmut/Erth      0%         N/A       99%         4
 Sticky Flame             Conj/Fire      0%         2d3       99%         4
 Agony                    Necr           0%         N/A       100%        5
 Fireball                 Conj/Fire      0%         3d3       100%        5
 Metabolic Englaciation   Hex/Ice        0%         N/A       100%        5
 Yara's Violent Unravell  Hex/Tmut       0%         3d3       100%        5
 Conjure Ball Lightning   Conj/Air       0%         3x3d6     100%        6
 Eringya's Noxious Bog    Tmut/Pois      0%         N/A       100%        6

Inventory:

Hand Weapons
 a - a +5 scimitar of flaming (weapon) {long}
   (Trog gifted it to you on level 3 of the Snake Pit)
 b - the +2 hunting sling "Peeneup" {vorpal, +Blink, sling}
   (You took it off a minotaur in a Gauntlet)

   Any stone fired from it inflicts extra damage.
   It lets you blink.
 k - a +1 dagger of venom {short}
   (You took it off a goblin on level 2 of the Dungeon)
 E - the +7 mace of the Illusory Bounties {venom, Str+3 Stlth+, mace}
   (You found it on level 7 of the Dungeon)

   It poisons the flesh of those it strikes.
   It affects your strength (+3).
   It makes you more stealthy.
 M - a +2 scimitar of holy wrath {long}
   (You took it off a salamander mystic on level 2 of the Snake Pit)
Missiles
 c - 129 poisoned darts (quivered) {throwing}
 d - 799 stones {throwing}
 j - 465 bolts
 l - 182 arrows
 r - 116 sling bullets
 s - 51 boomerangs {throwing}
 y - 5 silver boomerangs {throwing}
 F - a throwing net {=f!fthrowing}
 I - 5 boomerangs of dispersal {=f!fthrowing}
 N - 5 curare-tipped darts {=fthrowing}
Armour
 i - a +2 cloak of preservation (worn)
   (You took it off Maurice on level 1 of the Orcish Mines)
 O - a +1 hat (worn)
   (You took it off Gastronok on level 1 of the Lair of Beasts)
 Q - +1 acid dragon scales (worn)
   (You found it on level 9 of the Dungeon)
Jewellery
 g - a +4 ring of slaying (right hand)
   (You found it on level 15 of the Dungeon)
 m - a ring of flight
   (You bought it in a shop on level 2 of the Orcish Mines)
 t - the brooch of Shielding (around neck) {Spirit SH+8}
   (You found it on level 4 of the Lair of Beasts)

   [amulet of guardian spirit]

   It causes incoming damage to be divided between your reserves of health and
   magic.
   It affects your SH (+8).
 J - the ring of Akkauvac (left hand) {rPois rF++ Will+ Str+3 Int-3}
   (You bought it in a shop on level 15 of the Dungeon)

   [ring of willpower]

   It affects your strength (+3).
   It affects your intelligence (-3).
   It greatly protects you from fire.
   It protects you from poison.
   It increases your willpower.
 V - a ring of positive energy
   (You found it on level 14 of the Dungeon)
 X - a ring of protection from fire
   (You found it on level 3 of the Lair of Beasts)
Wands
 H - a wand of mindburst (26)
   (You found it on level 1 of the Lair of Beasts)
 P - a wand of acid (9)
   (You found it in a Gauntlet)
 R - a wand of iceblast (12)
   (You found it on level 9 of the Dungeon)
 S - a wand of digging (2)
   (You found it on level 12 of the Dungeon)
 Y - a wand of flame (49)
   (You found it on level 5 of the Lair of Beasts)
Scrolls
 e - 2 scrolls of fog
 n - a scroll of holy word
 p - a scroll of vulnerability {!r!r}
 v - 5 scrolls of identify {@r1}
 z - 2 scrolls of immolation {!r!r}
 A - 4 scrolls of magic mapping {!r}
 D - 3 scrolls of fear
 G - 3 scrolls of blinking {!r}
 L - 6 scrolls of teleportation {@r4}
 U - 2 scrolls of summoning
 Z - 2 scrolls of silence {!r}
Potions
 f - 14 potions of curing {@q1}
 h - 8 potions of haste {@q3}
 o - a potion of ambrosia
 q - 6 potions of might
 u - 2 potions of resistance
 x - 4 potions of invisibility
 B - 2 potions of cancellation
 C - 8 potions of heal wounds {@q2}
 K - 3 potions of lignification {!q}
Miscellaneous
 w - a phantom mirror
   (You found it on level 13 of the Dungeon)
 W - a phial of floods
   (You found it on level 2 of the Lair of Beasts)

Dungeon Overview and Level Annotations

Branches:
Dungeon (15/15)            Temple (0/1) D:6            Lair (6/6) D:8
  Swamp (0/4) Lair:3        Snake (4/4) Lair:4        Slime (0/5) Lair:5
    Orc (2/2) D:9             Elf (0/3) Orc:2        Vaults (0/5) D:13
 Depths (0/5) D:15        Gauntlet (visited)

Altars:
Ashenzari
Elyvilon
Fedhas
Gozag
Hepliaklqana
Kikubaaqudgha
Makhleb
Nemelex Xobeh
Ru
Trog
Uskayaw
Vehumet
Yredelemnul
The Shining One
Beogh
Jiyva

Shops:
D:15 =   Orc:2 *[((

Annotations:
D:13 exclusion: downstairs
Lair:5 exclusion: downstairs
Snake:2 3 runed translucent doors, Tamablel's ghost, adept DsBe; mandarbmax's ghost, adept TeAE
Orc:2 Saint Roka

.....##..## #######.......#.....
..........### #...#.............
............# ##.................
............# #..................
............###.####......#######
............#.?## #."...## #
...............#####..)...#######
........................#....)...
....##..........@.......#........
...####..........S......###.....#
#### ##.#...........#### ##...##
# ############### #####


You could see a shock serpent.


Message History

Things that are here:
a +0 dire flail {mace}; a +0 robe; 😮 HP[-1]
You take 1 damage, and now have 48/90 hp.
You feel sick. 😮 MP[+1]
You feel sick. 😮 HP[-1]
You take 1 damage, and now have 47/90 hp.
You feel sick.
There is an open door, spattered with blood here. 😮 HP[-1]
You take 1 damage, and now have 46/90 hp.
You feel sick.
You are no longer poisoned. 😨 HP[-1]
You take 1 damage, and now have 45/90 hp.
You close the door. 😮 HP[+1]
You start resting. 😮 HP[+4] MP[+3]
You regained 4 hp, and now have 50/90 hp.
Your mp is fully restored (17).
You start resting.
You feel yourself speed up.
You recover from your berserk rage.
A shock serpent comes into view. 😮 HP[+10]
You regained 10 hp, and now have 60/90 hp.
As you close the door, it creaks loudly!
You start resting. 😎 HP[+30]
Your hp is fully restored (90).
You open the door.
There is an open door here.
There is a stone staircase leading up here.
Throw: 130 darts (poison) {throwing}
Press: ? - help, Q - select action, (/) - cycle Shift-Dir - straight line, f - shock serpent
Aim: a shock serpent (wandering, hasn't noticed you, 56% to hit)
You throw a poisoned dart {throwing}.
The poisoned dart {throwing} closely misses the shock serpent.
The shock serpent hisses angrily.
The shock serpent closely misses you.
You slash the shock serpent! You burn the shock serpent.
The shock serpent's electric aura discharges, shocking you!
The shock serpent closely misses you. 😕 HP[-3]
You take 3 damage, and now have 87/90 hp.
You closely miss the shock serpent.
The shock serpent shoots out a bolt of lightning at you!
The bolt of electricity misses you.
The bolt of electricity hits you! 😕 HP[-11] MP[-2]
You take 11 damage, and now have 76/90 hp.
You lost 2 mp, and now have 15/17 mp.
You closely miss the shock serpent. You block the shock serpent's attack.
You completely miss the shock serpent.
The shock serpent shoots out a bolt of lightning at you!
The bolt of electricity misses you.
The bolt of electricity hits you!! 😮 HP[-18] MP[-3]
You take 18 damage, and now have 58/90 hp.
You lost 3 mp, and now have 12/17 mp.
Unknown command.
You barely miss the shock serpent. The shock serpent closely misses you.
Unknown command.
The shock serpent closely misses you.
The shock serpent bites you but does no damage.
You climb upwards.
There is a stone staircase leading down here. 😮 HP[+1]
You barely miss the shock serpent. The shock serpent misses you.
You miss the shock serpent. The shock serpent misses you. 😮 MP[+1]
You barely miss the shock serpent.
The shock serpent shoots out a bolt of lightning at you!
The bolt of electricity hits you!!
* * * LOW HITPOINT WARNING * * *
😨 HP[-17] MP[-4]
You take 17 damage, and now have 42/90 hp.
You lost 4 mp, and now have 9/17 mp.
You slash the shock serpent! You burn the shock serpent.
The shock serpent's electric aura discharges, shocking you!
* * * LOW HITPOINT WARNING * * *
The shock serpent closely misses you.
You riposte.
You slash the shock serpent! You burn the shock serpent.
The shock serpent's electric aura discharges, shocking you!
* * * LOW HITPOINT WARNING * * *
😨 HP[-15] MP[-4]
You take 15 damage, and now have 27/90 hp.
You lost 4 mp, and now have 5/17 mp.
A red film seems to cover your vision as you go berserk!
You feel yourself moving faster!
You feel mighty! The shock serpent bites you!
* * * LOW HITPOINT WARNING * * *
The shock serpent shocks you!
* * * LOW HITPOINT WARNING * * *
😱 HP[-4] MP[-2]
You now have 135 max hp (+45).
You lost 2 mp, and now have 3/17 mp.
You miss the shock serpent. The shock serpent closely misses you.
You closely miss the shock serpent.
The shock serpent shoots out a bolt of lightning at you!
The bolt of electricity hits you!!
You die...

Skill      XL: |  1  2  3  4  5  6  7  8  9 10 11 12 13 14 15 16 |
---------------+-------------------------------------------------+-----
Stealth        | 1 2 3 4 5 6 |  6.0
Long Blades    | 3 4 5 7 9 12 14 | 14.0
Fighting       | 3 4 5 6 8 10 11 12 | 12.4
Dodging        | 5 6 7 9 11 13 14 16 17 19 20 | 20.0
Armour         | 2 5 7 9 10 | 10.2

Action                   |  1- 3 |  4- 6 |  7- 9 | 10-12 | 13-15 | 16-18 || total
-------------------------+-------+-------+-------+-------+-------+-------++-------
Melee: Falchion          |    99 |    71 |   334 |   676 |   917 |       ||  2097
       Dagger            |     1 |       |       |     3 |     7 |     4 ||    15
       Mace              |       |       |       |    13 |    32 |       ||    45
       Scimitar          |       |       |       |       |   620 |   326 ||   946
 Fire: Hunting sling     |    31 |    43 |   147 |   101 |   286 |    17 ||   625
Throw: Dart              |       |     8 |     3 |    17 |    15 |     7 ||    50
Invok: Berserk           |     5 |     7 |    19 |    28 |    55 |    11 ||   125
       Brothers in Arms  |       |       |       |     1 |       |     1 ||     2
       Trog's Hand       |       |       |       |       |     3 |       ||     3
Evoke: Wand              |       |       |       |    17 |       |       ||    17
  Use: Scroll            |     3 |    12 |     5 |     8 |     7 |     1 ||    36
       Potion            |       |       |       |       |     2 |       ||     2
 Stab: Sleeping          |     5 |     1 |     3 |     6 |     9 |     5 ||    29
       Distracted        |       |       |       |       |     2 |       ||     2
Armor: Animal skin       |    11 |     4 |       |       |       |       ||    15
       Robe              |       |     2 |    39 |       |       |       ||    41
       Acid dragon scale |       |       |       |    47 |   150 |    27 ||   224
Dodge: Dodged            |    80 |    56 |   408 |   543 |  1510 |   224 ||  2821
Block: Other             |       |       |       |       |    48 |    74 ||   122
       Rpst.: Falchion   |    22 |    13 |    92 |   115 |   217 |       ||   459
       Scimitar          |       |       |       |       |   134 |    45 ||   179

Levels and vault maps discovered:
D:1:      nagdon_arrival_double_spiral, layout_basic
D:2:      layout_basic, uniq_terence, uniq_robin
D:3:      layout_loops_ring, general_overflow_altar,
          hellmonk_ecumenical_altar_inner_sanctum, hangedman_decor_riveting,
          grunt_decor_fettered, minmay_vboxes
D:4:      layout_loops_ring
D:5:      layout_loops_cross, nicolae_yredelemnul_corpse_copse,
          amcnicky_mini_pool_medium
D:6:      layout_cave_pods, trog_three_pillars_becter, fedhas_altar_3,
          minmay_temple_entry_trees
D:7:      layout_rooms, kiku_gazebo_garden_becter,
          lemuel_coloured_pillars_altar, lemuel_doored_altar
D:8:      layout_loops_ring, nicolae_tso_carved_into_rock, lemuel_crystal_altar,
          lemuel_crystal_altar
D:9:      layout_rooms, worldfamousw_hep_ancestral_shrine, orc_0_dummy,
          grunt_decor_arrowhead
D:10:     layout_roguey, old_standard_altar
D:11:     layout_stronghold
D:12:     cheibrodos_shockbox, layout_loops_cross
D:13:     layout_cross, hangedman_vaults_entry_quadrant_bands,
          portal_ice_cave_demonic_guard, chequers_serial_rivers_micro_a
D:14:     layout_roguey, nicolae_gozag_cash_rules_everything_around_me,
          serial_park_tiny_2, nrook_guardian_serpent_ordinary
D:15:     grunt_enter_depths_snipers, layout_cave_pods, serial_shops,
          nicolae_shop_temple_entry_statues_fountains,
          nemelex_spade_bored_becter, ashenzari_conservatory_becter
Lair:1:   layout_roguey, grunt_megastairs_3, serial_bayou_shore_b, uniq_maggie,
          uniq_gastronok
Lair:2:   layout_layer_cave, small_statue_intersection
Lair:3:   layout_layer_cave, palyth_hydra_swamp_entry, st_stairs_10
Lair:4:   beast_lair_carwin_large_2, layout_regular_city,
          guppyfry_snake_entry_island, gammafunk_ghost_cemetery,
          serial_bayou_lagoon_b
Lair:5:   layout_small_grid, slime_altar_1, gauntlet_entry_generic,
          nicolae_volcano_entry_hallway
Lair:6:   evilmike_catoblepas_cave, layout_loops_ring, serial_bayou_shore_a,
          lemuel_fruit_tree, grunt_megastairs_2, uniq_kirke
Snake:1:  layout_misc_corridors
Snake:2:  layout_misc_corridors, gammafunk_ghost_cemetery, uniq_frances,
          uniq_agnes
Snake:3:  layout_grid_shapes, grunt_megastairs_1
Snake:4:  hellmonk_snake_rune_quicksilver_temple, layout_cave_town
Orc:1:    layout_caves, uniq_maurice
Orc:2:    grunt_orc_community_town_hall, layout_caves,
          grunt_orc_community_big_house_2, grunt_orc_community_big_house_1,
          grunt_orc_community_house_3, grunt_orc_community_house_3,
          grunt_orc_community_house_3, grunt_orc_community_house_2,
          grunt_orc_community_house_1, uniq_sonja

Notes
Turn   | Place    | Note
-------+----------+-------------------------------------------
     0 | D:1      | Sobieck the Spriggan Berserker began the quest for the Orb.
     0 | D:1      | Reached XP level 1. HP: 11/11 MP: 2/2
     0 | D:1      | magus.rc [v1.9.6]
   102 | D:1      | HP: 4/16 [quokka (5)]
   416 | D:2      | Reached skill level 1 in Stealth
   419 | D:2      | Reached XP level 2. HP: 10/16 MP: 3/3
  1203 | D:1      | Reached ** piety under Trog
  1204 | D:1      | Reached XP level 3. HP: 19/19 MP: 4/4
  1395 | D:1      | Reached skill level 2 in Stealth
  1909 | D:2      | Noticed Robin
  2725 | D:2      | Noticed Terence
  2737 | D:2      | Killed Terence
  2738 | D:2      | Reached skill level 3 in Long Blades
  2738 | D:2      | Reached XP level 4. HP: 23/23 MP: 5/5
  2853 | D:2      | Reached skill level 3 in Fighting
  2857 | D:2      | Killed Robin
  2858 | D:2      | Reached skill level 5 in Dodging
  2858 | D:2      | Reached skill level 3 in Stealth
  3582 | D:5      | Entered Level 5 of the Dungeon
  4009 | D:3      | Found a faded altar of an unknown god.
  4225 | D:3      | Reached *** piety under Trog
  4267 | D:3      | Reached XP level 5. HP: 28/28 MP: 6/6
  4313 | D:3      | Found a burning altar of Makhleb.
  4477 | D:4      | Noticed a necrophage
  4485 | D:4      | Killed a necrophage
  4486 | D:4      | Reached skill level 4 in Stealth
  4556 | D:4      | Reached XP level 6. HP: 32/32 MP: 7/7
  4990 | D:4      | Reached skill level 6 in Dodging
  4990 | D:4      | Reached skill level 5 in Stealth
  5214 | D:5      | Reached skill level 4 in Long Blades
  5214 | D:5      | Reached XP level 7. HP: 37/37 MP: 8/8
  5331 | D:5      | Reached skill level 4 in Fighting
  5343 | D:5      | Reached skill level 6 in Stealth
  5439 | D:6      | Reached skill level 7 in Dodging
  5711 | D:5      | You pick up a book of Flames {forbidden} and begin
                  | reading...
  5711 | D:5      | You add the spells Foxfire, Conjure Flame, Inner Flame,
                  | Sticky Flame and Fireball to your library.
  5726 | D:5      | Reached XP level 8. HP: 42/42 MP: 9/9
  6012 | D:5      | Reached skill level 5 in Fighting
  6012 | D:5      | Reached skill level 5 in Long Blades
  6012 | D:5      | Reached skill level 8 in Dodging
  6207 | D:5      | Found a basalt altar of Yredelemnul.
  6686 | D:5      | Reached **** piety under Trog
  6879 | D:6      | Reached skill level 9 in Dodging
  7279 | D:6      | Reached XP level 9. HP: 47/48 MP: 10/10
  7334 | D:6      | Found a blossoming altar of Fedhas.
  7486 | D:6      | Found a staircase to the Ecumenical Temple.
  7581 | D:6      | Found a bloodstained altar of Trog.
  7593 | D:6      | Reached skill level 6 in Long Blades
  7708 | D:6      | Reached skill level 6 in Fighting
  8136 | D:8      | Found a sacrificial altar of Ru.
  8385 | D:7      | Reached skill level 10 in Dodging
  8915 | D:7      | Found an ancient bone altar of Kikubaaqudgha.
  8936 | D:7      | Identified the +7 mace of the Illusory Bounties {venom,
                  | Str+3 Stlth+}
  8956 | D:7      | Found a radiant altar of Vehumet.
  9071 | D:7      | Reached skill level 7 in Long Blades
  9178 | D:7      | Found an opulent altar of Gozag.
  9463 | D:8      | Found a glowing golden altar of the Shining One.
  9525 | D:8      | Reached skill level 11 in Dodging
  9588 | D:10     | Entered Level 10 of the Dungeon
  9762 | D:8      | Found a hide-covered altar of Uskayaw.
  9762 | D:8      | Found a staircase to the Lair.
 10389 | D:9      | Reached XP level 10. HP: 53/53 MP: 11/11
 10530 | D:9      | Found a staircase to the Orcish Mines.
 10633 | D:9      | Identified the +6 hand axe "Plog" {holy, rC- Str-5 Int+6
                  | SInv}
 10650 | D:9      | Reached ***** piety under Trog
 10763 | D:9      | Identified the Tome of Conjuration and Venom
 10764 | D:9      | You add the spells Sting, Olgreb's Toxic Radiance, Conjure
                  | Ball Lightning and Eringya's Noxious Bog to your library.
 10791 | D:9      | Reached skill level 12 in Dodging
 10873 | D:9      | Reached skill level 8 in Long Blades
 11068 | D:9      | Found a hazy altar of Hepliaklqana.
 11671 | D:10     | Found a white marble altar of Elyvilon.
 11734 | D:10     | Noticed a gargoyle
 11743 | D:10     | Killed a gargoyle
 11863 | D:10     | Reached skill level 13 in Dodging
 12230 | D:11     | Noticed a two-headed ogre
 12239 | D:11     | Killed a two-headed ogre
 12240 | D:11     | Reached skill level 9 in Long Blades
 12389 | D:11     | You pick up a book of Misfortune {forbidden} and begin
                  | reading...
 12389 | D:11     | You add the spells Confusing Touch, Gell's Gravitas,
                  | Petrify, Metabolic Englaciation and Yara's Violent
                  | Unravelling to your library.
 12456 | D:11     | Noticed a manticore
 12468 | D:11     | Killed a manticore
 12629 | D:11     | Noticed a manticore
 12784 | Lair:1   | Entered Level 1 of the Lair of Beasts
 12784 | Lair:1   | Noticed a cane toad
 12794 | D:8      | HP: 13/53 [poisoned by a cane toad]
 12800 | D:8      | HP: 13/53 [poisoned by a cane toad]
 12852 | D:8      | Killed a cane toad
 12947 | Lair:1   | Reached XP level 11. HP: 47/56 MP: 12/12
 13104 | Lair:1   | Reached skill level 14 in Dodging
 13309 | Lair:1   | Reached skill level 10 in Long Blades
 13313 | Lair:1   | HP: 14/56 [poisoned by a black mamba]
 13477 | Lair:1   | Noticed Maggie
 13523 | Lair:1   | Killed Maggie
 13758 | Lair:1   | Noticed Gastronok
 13778 | Lair:1   | Killed Gastronok
 13779 | Lair:1   | Reached skill level 11 in Long Blades
 13907 | Lair:1   | Noticed a seven-headed hydra
 13932 | Lair:1   | Killed a seven-headed hydra
 14139 | Lair:1   | Received a gift from Trog
 14550 | Lair:2   | Noticed a six-headed hydra
 14567 | Lair:2   | Killed a six-headed hydra
 14723 | Lair:2   | Reached skill level 12 in Long Blades
 14921 | Lair:2   | Reached XP level 12. HP: 61/61 MP: 13/13
 17215 | Lair:3   | magus.rc [v1.9.6]
 17232 | Lair:3   | Reached skill level 13 in Long Blades
 17356 | Lair:3   | Noticed a six-headed hydra
 17396 | Lair:3   | Killed a six-headed hydra
 17446 | Lair:4   | Found a runed translucent gate.
 17446 | Lair:4   | Found a runed translucent gate.
 17890 | Lair:3   | Noticed an eight-headed hydra
 18032 | Lair:3   | Killed an eight-headed hydra
 18254 | Lair:3   | Noticed an eight-headed hydra
 18274 | Lair:3   | Killed an eight-headed hydra
 18275 | Lair:3   | Reached skill level 14 in Long Blades
 18343 | Lair:3   | Found a staircase to the Swamp.
 18663 | Lair:4   | Received a gift from Trog
 18805 | Lair:4   | Reached skill level 1 in Armour
 18940 | Lair:4   | Found a staircase to the Snake Pit.
 19087 | Lair:5   | Found a gate leading to a gauntlet.
 19105 | Gauntlet | Entered a Gauntlet
 19105 | Gauntlet | Found a transporter.
 19112 | Gauntlet | Found a transporter.
 19115 | Gauntlet | Found a transporter.
 19116 | Gauntlet | Found a transporter.
 19150 | Gauntlet | Found a transporter.
 19154 | Gauntlet | Found a transporter.
 19158 | Gauntlet | Noticed a great orb of eyes
 19160 | Gauntlet | Found a transporter.
 19168 | Gauntlet | Found a transporter.
 19172 | Gauntlet | Found a transporter.
 19176 | Gauntlet | Found a runed translucent door.
 19176 | Gauntlet | Found a runed translucent door.
 19178 | Gauntlet | Found a transporter.
 19181 | Gauntlet | Noticed an entropy weaver
 19185 | Gauntlet | Found a transporter.
 19189 | Gauntlet | Found a transporter.
 19194 | Gauntlet | Found a transporter.
 19200 | Gauntlet | Found a transporter.
 19322 | Gauntlet | Killed a great orb of eyes
 19332 | Gauntlet | Reached skill level 2 in Armour
 19469 | Gauntlet | Identified the +2 hunting sling "Peeneup" {vorpal, +Blink}
 19469 | Gauntlet | Noticed a minotaur
 19481 | Gauntlet | Killed a minotaur
 19494 | Gauntlet | You pick up a book of Cantrips {forbidden} and begin
                  | reading...
 19494 | Gauntlet | You add the spells Corona, Animate Skeleton, Summon Small
                  | Mammal and Apportation to your library.
 19607 | Lair:5   | Noticed a catoblepas
 19642 | Lair:4   | Noticed an eight-headed hydra
 19654 | Lair:4   | Killed an eight-headed hydra
 19655 | Lair:4   | Reached XP level 13. HP: 66/66 MP: 14/14
 20141 | Lair:3   | Reached skill level 7 in Fighting
 20141 | Lair:3   | Reached skill level 3 in Armour
 20407 | Lair:4   | Found a runed translucent gate.
 20408 | Lair:4   | Noticed Katiloc's ghost (journeyman MfGl)
 20798 | Lair:4   | Noticed Luuqe's ghost (journeyman MfGl)
 20799 | Lair:4   | Noticed Iwuung's ghost (journeyman DjFE)
 20800 | Lair:4   | Found the brooch of Shielding {Spirit SH+8}
 20851 | Lair:5   | Reached skill level 15 in Dodging
 21131 | Lair:5   | Found a viscous altar of Jiyva.
 21131 | Lair:5   | Found a staircase to the Slime Pits.
 21472 | Lair:5   | Reached skill level 4 in Armour
 21495 | Lair:6   | Entered Level 6 of the Lair of Beasts
 22441 | Lair:6   | Received a gift from Trog
 22695 | Lair:6   | Reached skill level 8 in Fighting
 22859 | Lair:6   | Noticed Kirke
 22886 | Lair:6   | Killed Kirke
 22988 | Lair:6   | Reached skill level 5 in Armour
 23077 | Lair:5   | Reached skill level 16 in Dodging
 23587 | Lair:6   | Reached XP level 14. HP: 43/74 MP: 15/15
 24316 | Lair:6   | HP: 11/74 [catoblepas (26)]
 24321 | Lair:6   | HP: 13/74 [catoblepas/blast of calcifying dust (3)]
 25028 | Lair:6   | Reached skill level 9 in Fighting
 25410 | D:11     | You pick up a book of Necromancy {forbidden} and begin
                  | reading...
 25410 | D:11     | You add the spells Pain, Vampiric Draining, Animate Dead
                  | and Agony to your library.
 25859 | D:11     | Reached skill level 6 in Armour
 26192 | D:12     | Received a gift from Trog
 26408 | D:12     | Found a runed translucent door.
 27538 | D:12     | Reached skill level 17 in Dodging
 28422 | D:12     | Reached skill level 7 in Armour
 29020 | D:13     | Reached skill level 10 in Fighting
 29264 | D:13     | Found a gate to the Vaults.
 29870 | D:14     | Found an opulent altar of Gozag.
 29907 | D:15     | Entered Level 15 of the Dungeon
 30033 | D:14     | magus.rc [v1.9.6]
 30299 | D:14     | Reached XP level 15. HP: 80/80 MP: 16/16
 30515 | D:14     | Reached skill level 18 in Dodging
 30969 | D:15     | Reached skill level 8 in Armour
 31739 | D:15     | Found a broken altar of Ashenzari.
 32293 | D:15     | Found a staircase to the Depths.
 32437 | D:15     | Reached ****** piety under Trog
 32444 | D:15     | Reached skill level 11 in Fighting
 32516 | D:15     | Found a sparkling altar of Nemelex Xobeh.
 32563 | D:15     | Found Kiwkot's Jewellery Boutique.
 32686 | D:15     | Bought the ring of Akkauvac {rPois rF++ Will+ Str+3 Int-3}
                  | for 751 gold pieces
 32829 | Orc:1    | Entered Level 1 of the Orcish Mines
 32833 | Orc:1    | Noticed Maurice
 32878 | Orc:1    | Killed Maurice
 33008 | Orc:2    | Entered Level 2 of the Orcish Mines
 33249 | Orc:2    | Noticed Sonja
 33251 | Orc:2    | Found a staircase to the Elven Halls.
 33259 | Orc:2    | Killed Sonja
 33450 | Orc:2    | Received a gift from Trog
 33860 | Orc:2    | Identified a +2 robe of the Archmagi
 33989 | Orc:2    | Found Natuen's Assorted Antiques.
 34543 | Orc:2    | Noticed Saint Roka
 34617 | Orc:2    | Found Warpha's Antique Weapon Shoppe.
 34864 | Lair:4   | Killed Katiloc's ghost
 34876 | Lair:4   | Killed Luuqe's ghost
 35020 | Lair:4   | Killed Iwuung's ghost
 35220 | Orc:1    | Identified a +2 robe of the Archmagi
 35232 | Orc:1    | Reached skill level 19 in Dodging
 35590 | Orc:2    | Found Wupetius's Antique Armour Boutique.
 35594 | Orc:2    | Found Kuakun's Antique Weapon Shop.
 35658 | Orc:2    | Bought an encrusted ivory ring for 150 gold pieces
 35658 | Orc:2    | Bought a potion of heal wounds for 150 gold pieces
 35658 | Orc:2    | Bought a potion of curing for 90 gold pieces
 35851 | D:12     | Reached skill level 9 in Armour
 36044 | Snake:1  | Entered Level 1 of the Snake Pit
 36285 | Snake:1  | HP: 16/83 [anaconda (9)]
 36302 | Snake:1  | HP: 14/83 [black mamba (10)]
 37106 | Snake:1  | Reached XP level 16. HP: 88/88 MP: 13/17
 37591 | Snake:2  | Noticed Agnes
 37608 | Snake:1  | HP: 30/132 [Agnes (17)]
 37610 | Snake:1  | Killed Agnes
 37610 | Snake:1  | Received a gift from Trog
 38867 | Snake:1  | magus.rc [v1.9.6]
 39522 | Snake:2  | Reached skill level 12 in Fighting
 39666 | Snake:2  | Noticed Frances
 40078 | Snake:1  | Killed Frances
 40433 | Snake:2  | Found a runed translucent gate.
 40433 | Snake:2  | Found a runed translucent gate.
 40437 | Snake:2  | Noticed mandarbmax's ghost (adept TeAE)
 40437 | Snake:2  | Noticed Tamablel's ghost (adept DsBe)
 40438 | Snake:2  | Found a runed translucent gate.
 41067 | Snake:3  | Reached skill level 10 in Armour
 41122 | Snake:4  | Entered Level 4 of the Snake Pit
 41355 | Snake:3  | Received a gift from Trog
 41405 | Snake:3  | Reached skill level 20 in Dodging
 42209 | Snake:3  | HP: 33/135 [shock serpent (8)]
 42211 | Snake:3  | Killed from afar by a shock serpent

Vanquished Creatures
  Gastronok (Lair:1)
  Frances (Snake:1)
  Agnes (Snake:1)
  Kirke (Lair:6)
  The ghost of Iwuung the Fighter, a journeyman DjFE of Makhleb (Lair:4)
  A stone giant (D:15)
  The ghost of Luuqe the Impaler, a journeyman MfGl of Yredelemnul (Lair:4)
  The ghost of Katiloc the Impaler, a journeyman MfGl of Yredelemnul (Lair:4)
  A great orb of eyes (Gauntlet)
  5 naga warriors
  10 hydras
  4 boulder beetles
  2 centaur warriors
  4 ogre magi
  7 anacondas
  A salamander tyrant (Snake:2)
  4 catoblepae
  16 two-headed ogres
  5 death yaks (Lair:6)
  An orc high priest (Orc:2)
  2 tengu warriors (D:15)
  A deep elf knight (D:12)
  3 naga sharpshooters
  4 shock serpents
  Sonja (Orc:2)
  A salamander mystic (Snake:2)
  A sixfirhy (D:12)
  A skeletal warrior (D:12)
  A glowing orange brain (shapeshifter) (D:15)
  3 naga ritualists
  3 deep elf pyromancers
  4 orc knights
  A deep elf zephyrmancer (D:13)
  4 mana vipers
  3 orc sorcerers
  4 salamanders
  4 cyclopes
  4 manticores
  5 elephants
  10 ugly things
  Maurice (Orc:1)
  8 naga magi
  33 black mambas
  3 guardian serpents
  10 cane toads
  2 gargoyles
  5 rime drakes
  2 komodo dragons (shapeshifter)
  Maggie (Lair:1)
  A kobold demonologist (D:13)
  8 yaktaurs
  An efreet (D:13)
  2 tengu conjurers
  11 komodo dragons
  2 ice devils (D:13)
  3 polar bears
  A troll (shapeshifter) (D:12)
  A troll (D:12)
  5 blink frogs (Lair:5)
  A hornet (D:9)
  11 slime creatures
  4 wyverns
  2 shadows
  2 wraiths
  4 basilisks
  55 yaks
  A steam dragon (D:8)
  9 vampire mosquitoes
  5 wargs
  6 swamp worms (Lair:3)
  19 nagas
  14 water moccasins
  3 acid dragons
  24 orc warriors
  6 black bears
  2 necrophages
  2 ice beasts
  11 centaurs
  14 ogres
  5 wolves (Lair:6)
  3 phantoms
  10 bullfrogs
  2 gnoll sergeants
  2 scorpions
  A wyvern skeleton (D:5)
  12 killer bees
  4 electric eels
  6 howler monkeys
  4 bullfrog zombies
  3 centaur zombies
  3 hounds
  5 jellies
  2 gnoll shamans
  6 centaur skeletons
  22 orc priests
  3 iguanas
  A bullfrog skeleton (D:6)
  Terence (D:2)
  A scorpion zombie (D:5)
  28 orc wizards
  A hound skeleton (D:5)
  A hound zombie (D:5)
  Robin (D:2)
  17 gnolls
  3 adders
  A shadow imp (D:7)
  4 white imps
  An ufetubus (D:6)
  2 adder skeletons (D:4)
  2 dart slugs
  87 orcs
  5 ball pythons
  4 endoplasms
  3 giant cockroaches
  17 goblins
  10 hobgoblins
  7 jackals
  4 quokkas
  7 bats
  6 frilled lizards
  4 kobolds
  5 rats
739 creatures vanquished.

Vanquished Creatures (collateral kills)
  A minotaur (Gauntlet)
  A centaur zombie (D:11)
2 creatures vanquished.

Vanquished Creatures (others)
  6 humans (Lair:6)
  3 yaks (Lair:6)
  A wolf (Lair:6)
  An orc (D:9)
  A kobold (D:13)
  A demonic plant (Gauntlet)
  40 fungi
  82 plants
  11 withered plants
146 creatures vanquished.

Grand Total: 887 creatures vanquished

Table legend:
 A = Non-vault XP
 B = Vault XP
 C = Vault XP percentage of total XP
 D = Non-vault monster count
 E = Vault monster count
 F = Vault count percentage of total count
                 A         B        C        D         E       F
            +---------+---------+-------+---------+---------+-------
      Total |  135286 |   55971 |  29.3 |     557 |     184 |  24.8
            +---------+---------+-------+---------+---------+-------
        D:1 |      34 |       0 |   0.0 |      21 |       0 |   0.0
        D:2 |      40 |      73 |  64.6 |      21 |      13 |  38.2
        D:3 |      38 |       8 |  17.4 |      14 |       6 |  30.0
        D:4 |     530 |       0 |   0.0 |      11 |       0 |   0.0
        D:5 |    1088 |     236 |  17.8 |      26 |       8 |  23.5
        D:6 |     975 |       0 |   0.0 |      19 |       0 |   0.0
        D:7 |    1078 |       0 |   0.0 |      24 |       0 |   0.0
        D:8 |    1374 |       0 |   0.0 |      18 |       0 |   0.0
        D:9 |    1378 |       0 |   0.0 |      23 |       0 |   0.0
       D:10 |    2048 |       0 |   0.0 |      19 |       0 |   0.0
       D:11 |    5483 |       0 |   0.0 |      14 |       0 |   0.0
       D:12 |    9919 |    2372 |  19.3 |      32 |       3 |   8.6
       D:13 |    3345 |    5963 |  64.1 |      11 |      17 |  60.7
       D:14 |   19232 |     470 |   2.4 |      43 |       1 |   2.3
       D:15 |   10676 |    3123 |  22.6 |      19 |       3 |  13.6
     Lair:1 |    4083 |    2818 |  40.8 |      15 |       2 |  11.8
     Lair:2 |    4916 |       0 |   0.0 |      18 |       0 |   0.0
     Lair:3 |    5128 |    5680 |  52.6 |      22 |      12 |  35.3
     Lair:4 |    7916 |    6001 |  43.1 |      27 |       9 |  25.0
     Lair:5 |    5113 |     975 |  16.0 |      15 |       4 |  21.1
     Lair:6 |    6248 |   12888 |  67.3 |      22 |      24 |  52.2
    Snake:1 |   13075 |    4392 |  25.1 |      25 |       2 |   7.4
    Snake:2 |   20002 |       0 |   0.0 |      40 |       0 |   0.0
    Snake:3 |    6431 |    1388 |  17.8 |      11 |       5 |  31.2
    Snake:4 |    2953 |       0 |   0.0 |       5 |       0 |   0.0
      Orc:1 |    1172 |     613 |  34.3 |      16 |       2 |  11.1
      Orc:2 |    1011 |    6537 |  86.6 |      26 |      69 |  72.6
   Gauntlet |       0 |    2434 | 100.0 |       0 |       4 | 100.0
            +---------+---------+-------+---------+---------+-------

Illustrated notes

Table legend:
 A = Kills in this place as a percentage of kills in entire the game.
 B = Kills by you in this place as a percentage of kills by you in the entire game.
 C = Kills by friends in this place as a percentage of kills by friends in the entire game.
 D = Other kills in this place as a percentage of other kills in the entire game.
 E = Experience gained in this place as a percentage of experience gained in the entire game.
 F = Experience gained in this place divided by the number of levels of this place that you have seen.
                   A       B       C       D       E      F
               +-------+-------+-------+-------+-------+----------------------
         Total | 100.0 | 100.0 | 100.0 |   N/A | 100.0 | 6830.6
       Dungeon |  49.4 |  49.4 |  50.0 |   N/A |  36.3 | 4632.2
          Lair |  22.9 |  23.0 |   0.0 |   N/A |  32.3 | 10294.3
     Snake Pit |  11.9 |  11.9 |   0.0 |   N/A |  25.2 | 12060.2
  Orcish Mines |  15.2 |  15.3 |   0.0 |   N/A |   4.9 | 4666.5
      Gauntlet |   0.5 |   0.4 |  50.0 |   N/A |   1.3 | 2434.0
               +-------+-------+-------+-------+-------+----------------------

Table legend: (Time is in decaauts)
 A = Elapsed time spent in this place.
 B = Non-inter-level travel time spent in this place.
 C = Inter-level travel time spent in this place.
 D = Time resting spent in this place.
 E = Time spent auto-exploring this place.
 F = Levels seen in this place.
 G = Mean time per level.
                   A        B        C        D        E       F      G
               +--------+--------+--------+--------+--------+-----+--------+
         Total |  33586 |  31709 |   1877 |  13014 |  10688 |  28 | 1199.5 |
       Dungeon |  16681 |  15636 |   1045 |   6108 |   5846 |  15 | 1112.1 |
          Lair |   9844 |   9198 |    646 |   3449 |   3271 |   6 | 1640.7 |
     Snake Pit |   5008 |   4923 |     85 |   2998 |    896 |   4 | 1252.0 |
  Orcish Mines |   1696 |   1596 |    100 |    349 |    648 |   2 |  848.0 |
      Gauntlet |    355 |    355 |      0 |    109 |     25 |   1 |  355.0 |
               +--------+--------+--------+--------+--------+-----+--------+

Top non-repeatable levels by time:
  Lair:6: 2280 daAuts
 Snake:1: 2278 daAuts
  Lair:3: 2201 daAuts
    D:12: 1863 daAuts
  Lair:4: 1677 daAuts
     D:2: 1652 daAuts
 Snake:2: 1497 daAuts
  Lair:1: 1376 daAuts
    D:14: 1360 daAuts
  Lair:2: 1331 daAuts
     D:8: 1245 daAuts
    D:11: 1240 daAuts
    D:13: 1200 daAuts
     D:5: 1188 daAuts
     D:1: 1157 daAuts
